 Dungeon Crawl Stone Soup version 0.19.4 (webtiles) character file.

1864 pib the Covert (level 9, -7/78 HPs)
             Began as a Naga Transmuter on Jan 31, 2017.
             Was an Initiate of Okawaru.
             Mangled by an ice beast (13 damage)
             ... on level 6 of the Dungeon.
             The game lasted 00:42:55 (9123 turns).

pib the Covert (Naga Transmuter)                    Turns: 9123, Time: 00:42:55

Health: -7/78      AC:  3    Str: 12    XL:     9   Next: 13%
Magic:  9/15       EV: 10    Int: 16    God:    Okawaru [......]
Gold:   128        SH:  0    Dex: 13    Spells: 3 memorised, 11 levels left

rFire  + . .     SeeInvis +     w - +4 dagger
rCold  x . .     Gourm    .     (no armour)
rNeg   . . .     Faith    .     (no shield)
rPois  +         Spirit   .     (no helmet)
rElec  .         Reflect  .     (no cloak)
rCorr  .         Harm     .     (no gloves)
MR     +....                    (no barding)
Stlth  ++++......               (no amulet)
                                s - ring of see invisible
                                x - ring of fire

@: appendage, very slightly contaminated, very slow
A: horns 2, see invisible, deformed body, poison resistance, slowness 2, slow
metabolism 1, spit poison 1, AC +3
a: Spit Poison, End Transformation, Renounce Religion


You were on level 6 of the Dungeon.
You worshipped Okawaru.
Okawaru was noncommittal.
You were not hungry.
You had grown temporary horns.
You visited 1 branch of the dungeon, and saw 6 of its levels.

You collected 273 gold pieces.
You spent 145 gold pieces at shops.

Inventory:

Hand Weapons
 e - a cursed -3 short sword
 h - a +0 hunting sling
 w - a +4 dagger (weapon)
 I - the +0 falchion of Wigufe {freeze, *Slow +Inv Str+4 Dex+3}
   (You found it on level 6 of the Dungeon)

   It has been specially enchanted to freeze those struck by it, causing extra
   injury to most foes and up to half again as much damage against particularly
   susceptible opponents.
   It can also slow down cold-blooded creatures.
   It affects your strength (+4).
   It affects your dexterity (+3).
   It lets you turn invisible.
   It may slow you when you take damage.
Missiles
 a - 24 arrows
 k - 40 sling bullets
 n - a silver tomahawk (quivered)
Armour
 b - a +0 robe
 f - a +0 ring mail
 D - a +1 scale mail
Jewellery
 s - a ring of see invisible (right hand)
 x - a ring of fire (left hand)
Wands
 m - a wand of flame (12/48)
 G - a wand of enslavement (9/24)
Scrolls
 i - 4 scrolls of remove curse
 o - 5 scrolls of identify
 p - a scroll of enchant weapon
 J - a scroll of brand weapon {unknown}
Potions
 g - a potion of agility
 j - 2 potions of resistance {unknown}
 q - 2 potions of flight
 r - a potion of might {unknown}
 u - a potion of heal wounds
 v - a potion of invisibility {unknown}
 z - a potion of cancellation {unknown}
 A - a potion of haste {unknown}
 B - a potion of mutation {unknown}
 C - 4 potions of curing {unknown}
 E - a potion of magic {unknown}
 F - 2 potions of berserk rage {unknown}
Books
 c - a book of Changes

   Spells                             Type                      Level
   a - Beastly Appendage              Transmutation                1
   b - Sticks to Snakes               Transmutation                2
   c - Spider Form                    Transmutation/Poison         3
   d - Ice Form                       Ice/Transmutation            4
   e - Blade Hands                    Transmutation                5
 y - a book of Maledictions

   Spells                             Type                      Level
   a - Corona                         Hexes                        1
   b - Ensorcelled Hibernation        Hexes/Ice                    2
   c - Confuse                        Hexes                        3
   d - Tukima's Dance                 Hexes                        3
   e - Dazzling Spray                 Conjuration/Hexes            3
Comestibles
 d - 6 bread rations
 l - 6 meat rations
 t - 2 fruits
 H - 2 chunks of flesh


   Skills:
 - Level 4.1 Fighting
 - Level 3.1 Short Blades
 - Level 1.5 Dodging
 + Level 10.1 Stealth
 - Level 4.0 Unarmed Combat
 + Level 4.0 Spellcasting
 - Level 5.0 Hexes
 * Level 2.0 Transmutations
 - Level 3.0 Ice Magic


You had 11 spell levels left.
You knew the following spells:

 Your Spells              Type           Power        Failure   Level  Hunger
a - Beastly Appendage     Tmut           #.....       10%         1    None
b - Sticks to Snakes      Tmut           #.......     12%         2    ##.....
c - Ensorcelled Hibernat  Hex/Ice        ###...       6%          2    ##.....


Dungeon Overview and Level Annotations

Branches:
Dungeon (6/15)
 Temple: D:4-7

Altars:
Dithmenos
Hepliaklqana
Nemelex Xobeh
Okawaru
Qazlal
Zin

Shops:
D:6 *

Annotations:
D:4 galech's ghost, amateur OgFi


Innate Abilities, Weirdness & Mutations

You cannot wear boots.
Your serpentine skin is tough. (AC +3)
You have supernaturally acute eyesight. (SInv)
Armour fits poorly on your strangely shaped body.
Your system is resistant to poisons. (rPois)
You cover ground very slowly.
You have a slow metabolism.
You can spit poison.
You have a pair of horns on your head.


Message History

Your ball python dies!
You closely miss the ice beast.
The ice beast is heavily wounded.
Casting: Sticks to Snakes
Confirm with . or Enter, or press ? or * to list all spells.
You extend your transformation's duration.
The ice beast hits you. The ice beast freezes you!!
You feel a terrible chill!
Press: ? - help, Shift-Dir - straight line, f/p - ice beast
Aim: an ice beast (heavily wounded)
The splash of poison hits the ice beast.
The ice beast is heavily wounded.
You feel slightly more hungry. The ice beast hits you.
The ice beast freezes you!
You feel a terrible chill!
* * * LOW HITPOINT WARNING * * *
The ice beast barely misses you.
You have got your breath back.
The ice beast hits you.
* * * LOW HITPOINT WARNING * * *
The ice beast freezes you!
You feel a terrible chill!
You die...

#.###.##
#.###.##
#.##...######
#....#......#
#.##...####.#
#.###.##
#.##### #.#
#.# #.....##
#.# #.#
#.###..#
#.###.#
####.@.#
#.....# #.Y.#
#.###.# #...#
#.# #.##
#...#
##.##...#
#..[#
........#
#...#
##Y.....#
#...#
#......##
#...#
#.######
∩...#


You could see an ice beast.

Vanquished Creatures
  Sigmund (D:5)
  A water moccasin (D:6)
  An orc warrior (D:6)
  3 sky beasts
  A phantom (D:6)
  Blork the orc (D:5)
  5 howler monkeys
  A centaur zombie (D:6)
  3 hounds
  A jelly (D:5)
  A bullfrog skeleton (D:4)
  3 orc priests
  5 orc wizards
  An iguana (D:5)
  2 worker ants
  A hound skeleton (D:5)
  4 gnolls (D:2)
  10 adders
  A shadow imp (D:4)
  An ooze (D:5)
  An adder zombie (D:6)
  An adder skeleton (D:5)
  5 worms
  3 leopard geckos (D:6)
  18 orcs
  A ball python (D:1)
  7 giant cockroaches
  5 goblins
  5 hobgoblins
  3 jackals (D:3)
  3 quokkas
  3 bats
  4 frilled lizards
  6 kobolds
  6 rats
118 creatures vanquished.

Vanquished Creatures (collateral kills)
  An ice beast (D:6)
  An adder zombie (D:6)
  An orc (D:3)
3 creatures vanquished.

Vanquished Creatures (others)
  A sky beast (D:5)
1 creature vanquished.

Grand Total: 122 creatures vanquished

Notes
Turn   | Place    | Note
-------+----------+-------------------------------------------
     0 | D:1      | pib the Naga Transmuter began the quest for the Orb.
     0 | D:1      | Reached XP level 1. HP: 18/18 MP: 3/3
     3 | D:1      | Noticed an electric eel
     3 | D:1      | Noticed an electric eel
   538 | D:1      | Reached XP level 2. HP: 4/25 MP: 5/5
  1421 | D:2      | Found a sparkling altar of Nemelex Xobeh.
  1555 | D:2      | Learned a level 2 spell: Sticks to Snakes
  1573 | D:2      | Reached XP level 3. HP: 27/33 MP: 6/6
  2086 | D:2      | Reached XP level 4. HP: 14/40 MP: 7/7
  2885 | D:3      | Reached XP level 5. HP: 49/50 MP: 6/8
  2907 | D:3      | Learned a level 2 spell: Ensorcelled Hibernation
  3176 | D:3      | Reached skill level 1 in Stealth
  3362 | D:3      | Reached skill level 1 in Hexes
  3463 | D:4      | HP: 2/50 [worker ant (6)]
  3900 | D:4      | Reached skill level 2 in Stealth
  3900 | D:4      | Reached skill level 1 in Ice Magic
  3900 | D:4      | Reached XP level 6. HP: 40/57 MP: 7/9
  4054 | D:4      | Noticed galech's ghost (amateur OgFi)
  4251 | D:4      | Noticed a phantom
  4969 | D:5      | Entered Level 5 of the Dungeon
  4984 | D:5      | Reached skill level 3 in Stealth
  5069 | D:5      | Noticed a sky beast
  5239 | D:5      | Reached skill level 4 in Stealth
  5281 | D:5      | Reached XP level 7. HP: 35/63 MP: 9/11
  5803 | D:5      | Noticed Sigmund
  5945 | D:5      | Noticed Blork the orc
  6046 | D:5      | Killed Sigmund
  6046 | D:5      | Reached skill level 5 in Stealth
  6173 | D:5      | Found a shadowy altar of Dithmenos.
  6245 | D:5      | Reached skill level 6 in Stealth
  6642 | D:5      | Reached XP level 8. HP: 72/72 MP: 13/13
  6877 | D:5      | HP: 3/72 [sky beast (6)]
  6881 | D:5      | Reached skill level 7 in Stealth
  7611 | D:6      | Reached skill level 1 in Short Blades
  7611 | D:6      | Reached skill level 8 in Stealth
  7715 | D:5      | Killed Blork the orc
  7990 | D:6      | Reached skill level 9 in Stealth
  8556 | D:6      | Found a glowing silver altar of Zin.
  8723 | D:6      | Found Exoudiu's Assorted Antiques.
  8728 | D:6      | Bought a potion of heal wounds for 145 gold pieces
  8819 | D:6      | Found a stormy altar of Qazlal.
  8819 | D:6      | Found a hazy altar of Hepliaklqana.
  8824 | D:6      | Found a sparkling altar of Nemelex Xobeh.
  8831 | D:6      | Found an iron altar of Okawaru.
  8833 | D:6      | Found a faded altar of an unknown god.
  8845 | D:6      | Became a worshipper of Warmaster Okawaru
  8880 | D:6      | Reached skill level 5 in Hexes
  8880 | D:6      | Reached XP level 9. HP: 78/78 MP: 12/15
  8958 | D:6      | Got an encrusted falchion
  8962 | D:6      | Identified the cursed +0 falchion of Wigufe {freeze, *Slow +Inv Str+4 Dex+3} (You found it on level 6 of the Dungeon)
  9031 | D:6      | Reached skill level 10 in Stealth
  9123 | D:6      | Mangled by an ice beast

Skill      XL: |  1  2  3  4  5  6  7  8  9 |
---------------+----------------------------+-----
Fighting       | 2 3 4 |  4.1
Unarmed Combat | 4 |  4.0
Stealth        | 2 4 6 9 10 | 10.1
Hexes          | 1 2 3 5 |  5.0
Ice Magic      | 1 2 3 |  3.0
Spellcasting   | 3 4 |  4.0
Short Blades   | 3 |  3.1
Dodging        | |  1.5
Transmutations | |  2.0

Action                   |  1- 3 |  4- 6 |  7- 9 || total
-------------------------+-------+-------+-------++-------
Melee: Unarmed           |    86 |    67 |       ||   153
       Punch             |     4 |     2 |     3 ||     9
       Headbutt          |       |     8 |     8 ||    16
       Dagger            |       |   148 |   162 ||   310
Throw: Tomahawk          |       |     2 |       ||     2
 Cast: Beastly Appendage |       |    12 |    12 ||    24
       Sticks to Snakes  |       |     9 |    19 ||    28
       Ensorcelled Hiber |       |     3 |    58 ||    61
 Abil: Spit Poison       |    15 |    39 |    19 ||    73
Evoke: Wand              |       |       |     5 ||     5
  Use: Scroll            |       |     4 |     5 ||     9
       Potion            |       |       |     5 ||     5
 Stab: Sleeping          |     1 |     6 |    28 ||    35
       Distracted        |       |       |     2 ||     2
  Eat: Chunk             |     2 |    10 |    11 ||    23
       Bread ration      |       |     1 |       ||     1
       Beef jerky        |       |       |     1 ||     1
Armor: Robe              |     6 |    44 |     1 ||    51
       Scale mail        |       |       |     5 ||     5
       Skin              |       |       |    25 ||    25
Dodge: Dodged            |    41 |   130 |   100 ||   271
